 Dungeon Crawl Stone Soup version 0.31-a0-609-g7bf6ffcfed (webtiles) character file.

Game seed: 3119948409108259818

8038 NinjaNoafa the Grappler (level 11, -5/81 HPs)
             Began as a Gnoll Shapeshifter on Aug 20, 2023.
             Was a Follower of Ashenzari.
             Slain by a two-headed ogre
             ... wielding a +0 giant club
              (23 damage)
             ... on level 10 of the Dungeon on Aug 21, 2023.
             The game lasted 00:24:11 (8935 turns).

NinjaNoafa the Grappler (Gnoll Shapeshifter)        Turns: 8935, Time: 00:24:11

Health: -5/81      AC: 10    Str: 15    XL:     11   Next: 24%
Magic:  22/22      EV: 19    Int: 12    God:    Ashenzari [*.....]
Gold:   621        SH:  0    Dex: 12    Spells: 23/24 levels left

rFire   . . .        R - melded +2 triple sword (drain)
rCold   . . .        (shield currently unavailable)
rNeg    . . .        J - +4 ring mail {rPois}
rPois   +            (no helmet)
rElec   .            K - +0 cloak of Ashenzari's Sybil {Self, Fort} (curse)
rCorr   .            (gloves currently unavailable)
SInv    .            (no boots)
Will    .....        I - amulet of magic regeneration
Stlth   +++          p - +5 ring of evasion
HPRegen 0.33/turn    y - ring of the Bound Augurer {AC+4, Cun, Self} (curse)
MPRegen 0.58/turn

%: no passive effects
@: blade hands
A: reduced hp, fangs 1, strong nose, distributed training
a: Begin Untransformation, Renounce Religion, Shatter the Chains


You were on level 10 of the Dungeon.
You worshipped Ashenzari.
Ashenzari was aware of your devotion.
You had blades for hands.
You visited 2 branches of the dungeon, and saw 11 of its levels.
You also visited: Sewer and Bailey.

You collected 621 gold pieces.

Inventory:

Hand Weapons
 w - the +6 whip "Nigic" {flame, *Corrode rElec Str+8 Dex-5}
   (You found it on level 3 of the Dungeon)

   Str+8:     It affects your strength (+8).
   Dex-5:     It affects your dexterity (-5).
   rElec:     It insulates you from electricity.
   *Corrode:  It may corrode you when you take damage.
 R - a +2 triple sword of draining (melded)
Missiles
 z - 7 boomerangs
 C - 31 poisoned darts
 Q - 24 javelins
Armour
 J - a +4 ring mail of poison resistance (worn)
 K - the cursed +0 cloak of Ashenzari's Sybil (worn) {Self, Fort}
   (You took it off Crazy Yiuf on level 3 of the Dungeon)

   It has a curse which improves the following skills: Introspection: Fighting
   and Spellcasting.
   Fortitude: Armour and Shields.
Jewellery
 p - a +5 ring of evasion (left blade hand)
 s - a ring of fire
 v - a ring of protection from cold
 y - the cursed ring of the Bound Augurer (right blade hand) {AC+4, Cun, Self}
   (You found it on level 4 of the Dungeon)

   [ring of protection]

   AC+4:      It affects your AC (+4).
   It has a curse which improves the following skills: Cunning: Dodging and
   Stealth.
   Introspection: Fighting and Spellcasting.
 I - an amulet of magic regeneration (around neck)
 V - a ring of resist corrosion
Talismans
 a - a blade talisman (active)
 c - a beast talisman
 d - a flux talisman
 M - a serpent talisman
Wands
 m - a wand of roots (12)
 o - a wand of flame (3)
 A - a wand of digging (1)
 E - a wand of paralysis (15)
 T - a wand of acid (32)
Scrolls
 e - a scroll of summoning
 f - 5 scrolls of enchant weapon
 g - 5 scrolls of teleportation
 h - a scroll of noise
 j - 2 scrolls of immolation
 k - 2 scrolls of brand weapon
 l - a scroll of poison
 q - 2 scrolls of revelation
 u - a scroll of acquirement
 x - a scroll of blinking
 B - 4 scrolls of torment
 D - 5 scrolls of vulnerability
 L - 2 scrolls of fear
 O - a scroll of fog
 P - 3 scrolls of amnesia
Potions
 b - 3 potions of lignification
 i - 5 potions of haste
 n - 3 potions of resistance
 r - 2 potions of cancellation
 t - 6 potions of curing
 F - a potion of berserk rage
 G - 4 potions of enlightenment
 H - a potion of ambrosia
 N - a potion of mutation
 U - a potion of degeneration
 W - a potion of heal wounds
 X - a potion of brilliance
Miscellaneous
 S - a tin of tremorstones (1/2)


   Skills:
 + Level 6.8(8.0) Fighting
 + Level 6.2 Short Blades
 + Level 6.2 Long Blades
 + Level 6.2 Axes
 + Level 6.2 Maces & Flails
 + Level 6.2 Polearms
 + Level 6.2 Staves
 + Level 6.2 Ranged Weapons
 + Level 6.2 Throwing
 + Level 6.2(7.0) Armour
 + Level 7.8(8.6) Dodging
 + Level 6.2(7.0) Stealth
 + Level 6.2(7.0) Shields
 + Level 9.1 Unarmed Combat
 + Level 6.2(7.4) Spellcasting
 + Level 5.1 Conjurations
 + Level 5.1 Hexes
 + Level 5.1 Summonings
 + Level 5.1 Necromancy
 + Level 5.1 Translocations
 + Level 5.1 Transmutations
 + Level 5.1 Fire Magic
 + Level 5.1 Ice Magic
 + Level 5.1 Air Magic
 + Level 5.1 Earth Magic
 + Level 5.1 Poison Magic
 + Level 6.8 Invocations
 + Level 6.2 Evocations
 + Level 8.4 Shapeshifting


You had 23 spell levels left.
You knew the following spells:

 Your Spells              Type           Power      Damage    Failure   Level
a - Summon Small Mammal   Summ           64%        N/A       3%          1

Your spell library contained the following spells:

 Spells                   Type           Power      Damage    Failure   Level
 Apportation              Tloc           32%        N/A       3%          1
 Necrotise                Necr           64%        1d7       3%          1
 Inner Flame              Hex/Fire       16%        N/A       10%         3
 Flame Wave               Conj/Fire      16%        2d7       32%         4
 Sticky Flame             Conj/Fire      16%        2d4       32%         4


Dungeon Overview and Level Annotations

Branches:
Dungeon (10/15) Zot: 26767  Temple (1/1) D:5 Zot: 5996    Lair (0/5) D:9
    Orc (0/2) D:10          Sewer (visited)          Bailey (visited)

Altars:
Ashenzari
Cheibriados
Dithmenos
Elyvilon
Fedhas
Gozag
Hepliaklqana
Kikubaaqudgha
Makhleb
Nemelex Xobeh
Okawaru
Qazlal
Ru
Sif Muna
Trog
Uskayaw
Vehumet
Wu Jian
Xom
Yredelemnul
Zin
The Shining One

Shops:
D:7 (


Innate Abilities, Weirdness & Mutations

You have blades for hands.
Your maximum health is decreased, since you lack skill for your form.
You are incapable of wielding weapons or throwing items.
You have very sharp teeth.
Your uncanny sense of smell can sniff out nearby items.
Your experience applies equally to all skills.


Message History

The two-headed ogre shouts in stereo!
The orc wizard barely misses you.
The orc wizard gestures wildly while chanting.
The orc wizard flickers and vanishes!
Deactivating autopickup; reactivate with Ctrl-A.
A puff of flame appears from out of thin air!
The puff of flame hits you! The orc attacks as it pursues you!
The orc closely misses you.
You take 9 damage, and have 72/81 hp.
You closely miss the orc. The orc hits you but does no damage.
You slash the orc!
You kill the orc!
You slash the two-headed ogre!
The two-headed ogre hits you with a +0 giant club!!
The two-headed ogre closely misses you.
You take 18 damage, and have 56/81 hp.
MASSIVE DAMAGE!!
You hit the two-headed ogre. You slash the two-headed ogre!
You bite the two-headed ogre. The two-headed ogre barely misses you.
The two-headed ogre hits you with a +0 giant club!!
* * * LOW HITPOINT WARNING * * *
Something hits you.
* * * LOW HITPOINT WARNING * * *
You take 18 damage, and have 38/81 hp.
MASSIVE DAMAGE!!
Unknown command.
The tremorstone explodes into fragments!
The burst of rock shards engulfs the orc!!
You kill the orc!
The burst of rock shards engulfs the two-headed ogre!!
The burst of rock shards engulfs you but does no damage.
The burst of rock shards engulfs something! x2
Reactivating autopickup.
You feel a bit more experienced.
The burst of rock shards engulfs the two-headed ogre!
The burst of rock shards engulfs you!!
* * * LOW HITPOINT WARNING * * *
You hear two shouts!
The two-headed ogre hits you with a +0 giant club!!
You die...

...... #............
......######.?..........
........##....# ....
..............# #.....
$.............# #.....
#.........## #..... #...)..####
#..... #..)O### #..... .. #...@##
#..... ... #...).# ### #.....
.... #.....###.######.....
....##### ###..................
........# #..................
........# ####.....#............
.......)####>##........##.###....
.......<).##.###....#.....##.....
........#)..............))...#...


You could see a two-headed ogre.

Vanquished Creatures
  The ghost of Heh the Tainter, a novice OpVM of Gozag (D:7)
  Pikel (D:4)
  A cyclops (D:9)
  A kobold demonologist (D:9)
  A troll (D:9)
  Grinder (D:4)
  A wyvern (D:8)
  3 yaks (D:8)
  2 steam dragons
  3 wargs (D:9)
  14 orc warriors
  An ice beast (D:8)
  4 sky beasts
  2 black bears
  3 ogres
  14 centaurs
  2 lemures (D:4)
  A phantom (D:7)
  2 kobold brigands
  A scorpion (D:7)
  3 howler monkeys
  2 jellies
  Crazy Yiuf (D:3)
  3 hounds (D:5)
  A gnoll bouda (D:5)
  6 orc priests
  Ijyb (D:4)
  A sleepcap (D:5)
  2 iguanas
  10 orc wizards
  A sickly merfolk siren (Sewer)
  A malarious merfolk avatar (Sewer)
  7 gnolls
  17 adders
  A river rat (Sewer)
  A shadow imp (D:8)
  A white imp (D:7)
  2 worms
  A dart slug (D:2)
  65 orcs
  6 endoplasms
  3 giant cockroaches
  12 goblins
  6 hobgoblins
  3 jackals (D:4)
  6 quokkas
  5 ball pythons
  4 bats
  8 frilled lizards
  16 kobolds
  29 rats
284 creatures vanquished.

Vanquished Creatures (collateral kills)
  An orc (Bailey)
1 creature vanquished.

Grand Total: 285 creatures vanquished

Notes
Turn   | Place    | Note
-------+----------+-------------------------------------------
     0 | D:1      | NinjaNoafa the Gnoll Shapeshifter began the quest for the
                  | Orb.
     0 | D:1      | Reached XP level 1. HP: 17/17 MP: 1/1
   106 | D:1      | Reached XP level 2. HP: 23/23 MP: 2/2
   287 | D:1      | Found a faded altar of an unknown god.
   624 | D:2      | Reached XP level 3. HP: 28/28 MP: 2/4
   668 | D:2      | Identified the +1 robe of the Pit {Str+4}
   823 | D:2      | Reached skill level 1 in Invocations
   898 | D:2      | Reached skill level 1 in Short Blades
   898 | D:2      | Reached skill level 1 in Long Blades
   898 | D:2      | Reached skill level 1 in Axes
   898 | D:2      | Reached skill level 1 in Maces & Flails
   898 | D:2      | Reached skill level 1 in Polearms
   898 | D:2      | Reached skill level 1 in Staves
   898 | D:2      | Reached skill level 1 in Ranged Weapons
   898 | D:2      | Reached skill level 1 in Throwing
   898 | D:2      | Reached skill level 1 in Armour
   898 | D:2      | Reached skill level 1 in Stealth
   898 | D:2      | Reached skill level 1 in Shields
   898 | D:2      | Reached skill level 1 in Spellcasting
   898 | D:2      | Reached skill level 1 in Evocations
   978 | D:2      | Reached XP level 4. HP: 34/34 MP: 5/5
  1221 | D:3      | Reached skill level 1 in Conjurations
  1221 | D:3      | Reached skill level 1 in Hexes
  1221 | D:3      | Reached skill level 1 in Summonings
  1221 | D:3      | Reached skill level 1 in Necromancy
  1221 | D:3      | Reached skill level 1 in Translocations
  1221 | D:3      | Reached skill level 1 in Transmutations
  1221 | D:3      | Reached skill level 1 in Fire Magic
  1221 | D:3      | Reached skill level 1 in Ice Magic
  1221 | D:3      | Reached skill level 1 in Air Magic
  1221 | D:3      | Reached skill level 1 in Earth Magic
  1221 | D:3      | Reached skill level 1 in Poison Magic
  1481 | D:3      | Identified the +6 whip "Nigic" {flame, *Corrode rElec Str+8
                  | Dex-5}
  1750 | D:3      | Found a runed translucent door.
  1751 | D:3      | Noticed Crazy Yiuf
  1821 | D:4      | Noticed an ogre
  1855 | D:4      | Killed an ogre
  1856 | D:4      | Reached XP level 5. HP: 15/41 MP: 5/7
  2106 | D:4      | Reached XP level 6. HP: 36/47 MP: 8/8
  2130 | D:4      | Noticed Grinder
  2144 | D:4      | Killed Grinder
  2145 | D:4      | Reached skill level 5 in Dodging
  2145 | D:4      | Reached XP level 7. HP: 40/52 MP: 8/10
  2178 | D:4      | Noticed Ijyb
  2188 | D:4      | Reached skill level 7 in Unarmed Combat
  2190 | D:4      | Paralysed by Ijyb for 3 turns
  2202 | D:4      | Killed Ijyb
  2320 | D:4      | Noticed Pikel
  2336 | D:4      | Killed Pikel
  2337 | D:4      | Reached XP level 8. HP: 45/60 MP: 10/12
  2455 | D:5      | Entered Level 5 of the Dungeon
  2466 | D:5      | Found an opulent altar of Gozag.
  2473 | D:5      | Found a glowing silver altar of Zin.
  2564 | D:5      | Found a hazy altar of Hepliaklqana.
  2745 | D:5      | Found a glowing drain.
  2750 | Sewer    | Entered a sewer
  3514 | D:5      | Found a staircase to the Ecumenical Temple.
  3668 | Temple   | Entered the Ecumenical Temple
  3774 | D:3      | Killed Crazy Yiuf
  4097 | D:6      | Reached XP level 9. HP: 55/66 MP: 14/14
  4104 | D:6      | Found a radiant altar of Vehumet.
  4806 | D:6      | Reached skill level 5 in Fighting
  4978 | D:7      | Learned a level 1 spell: Summon Small Mammal
  5003 | D:7      | Found Baazeol's Antique Weapon Boutique.
  5085 | D:7      | Found a flagged portal.
  5103 | Bailey   | Entered a bailey
  5255 | Bailey   | Reached skill level 8 in Unarmed Combat
  5416 | Bailey   | Reached skill level 5 in Invocations
  5684 | Bailey   | Reached XP level 10. HP: 66/75 MP: 17/17
  5701 | Bailey   | Reached skill level 5 in Short Blades
  5701 | Bailey   | Reached skill level 5 in Long Blades
  5701 | Bailey   | Reached skill level 5 in Axes
  5701 | Bailey   | Reached skill level 5 in Maces & Flails
  5701 | Bailey   | Reached skill level 5 in Polearms
  5701 | Bailey   | Reached skill level 5 in Staves
  5701 | Bailey   | Reached skill level 5 in Ranged Weapons
  5701 | Bailey   | Reached skill level 5 in Throwing
  5701 | Bailey   | Reached skill level 5 in Armour
  5701 | Bailey   | Reached skill level 5 in Stealth
  5701 | Bailey   | Reached skill level 5 in Shields
  5701 | Bailey   | Reached skill level 5 in Spellcasting
  5701 | Bailey   | Reached skill level 5 in Evocations
  6178 | D:7      | Found a runed translucent door.
  6182 | D:7      | Noticed Heh's ghost (novice OpVM)
  6222 | D:7      | Found a white marble altar of Elyvilon.
  6391 | D:7      | Found a blossoming altar of Fedhas.
  6778 | D:7      | Killed Heh's ghost
  7093 | D:8      | Found a sacrificial altar of Ru.
  7222 | D:8      | Found a broken altar of Ashenzari.
  7287 | D:8      | Became a worshipper of Ashenzari the Shackled
  7378 | D:8      | Upgraded the game from 0.31-a0-596-g831eee08f1 to
                  | 0.31-a0-609-g7bf6ffcfed
  7921 | D:9      | Reached XP level 11. HP: 62/83 MP: 20/20
  7929 | D:9      | Found a staircase to the Lair.
  7944 | D:9      | Reached skill level 9 in Unarmed Combat
  8115 | D:9      | Reached skill level 5 in Conjurations
  8115 | D:9      | Reached skill level 5 in Hexes
  8115 | D:9      | Reached skill level 5 in Summonings
  8115 | D:9      | Reached skill level 5 in Necromancy
  8115 | D:9      | Reached skill level 5 in Translocations
  8115 | D:9      | Reached skill level 5 in Transmutations
  8115 | D:9      | Reached skill level 5 in Fire Magic
  8115 | D:9      | Reached skill level 5 in Ice Magic
  8115 | D:9      | Reached skill level 5 in Air Magic
  8115 | D:9      | Reached skill level 5 in Earth Magic
  8115 | D:9      | Reached skill level 5 in Poison Magic
  8396 | D:9      | Noticed a cyclops
  8406 | D:9      | Killed a cyclops
  8697 | D:10     | Entered Level 10 of the Dungeon
  8709 | D:10     | Reached * piety under Ashenzari
  8709 | D:10     | Identified a scroll of acquirement
  8899 | D:10     | Found a staircase to the Orcish Mines.
  8919 | D:10     | Noticed a two-headed ogre
  8935 | D:10     | Slain by a two-headed ogre

Illustrated notes

Levels and vault maps discovered:
D:1:      dpeg_arrival_erosion, layout_basic, ebering_ecumenical_altar_hall
D:2:      layout_basic, serial_aquarium, aquarium_bridge_square
          [aquarium_subvault_bridge, aquarium_subvault_wall,
          aquarium_subvault_window, aquarium_subvault_wall],
          aquarium_bridge_square [aquarium_subvault_bridge,
          aquarium_subvault_bridge, aquarium_subvault_bridge,
          aquarium_subvault_window], aquarium_window_corridor_2,
          aquarium_window_1, aquarium_view_2f, aquarium_pool_1
D:3:      layout_rooms, uniq_crazy_yiuf_cottage
D:4:      layout_rooms, minmay_fractal_squares_5, uniq_pikel, uniq_ijyb,
          uniq_grinder
D:5:      layout_basic, pdpol_temple_overflow_zin_treasury_gozag_greed,
          nzn_hepliaklqana_mist_gate, minmay_temple_entry_enclosed_plants,
          portal_sewer_entry_e
D:6:      layout_basic, nicolae_vehumet_altar_sigil,
          chequers_serial_rivers_micro_e
D:7:      layout_gridville, mainiacjoe_overflow_six_doors_small,
          amcnicky_altar_gilded, serial_shops, shop, enter_bailey_5,
          ebering_ghost_reflecting_pool, dk_rats_in_the_wall
D:8:      layout_basic, mainiacjoe_overflow_surrounded_room,
          mainiacjoe_overflow_small_starburst, grunt_ministairs_6,
          minmay_misc_feat_more_columns
D:9:      layout_loops_corners, erik_lair_orcish_takeover
D:10:     layout_basic, orc_0_dummy
Temple:   compressed_dpeg_circular_temple

Skill      XL: |  1  2  3  4  5  6  7  8  9 10 11 |
---------------+----------------------------------+-----
Invocations    | 1 2 3 4 5 6 |  6.8
Short Blades   | 1 2 3 4 5 6 |  6.2
Long Blades    | 1 2 3 4 5 6 |  6.2
Axes           | 1 2 3 4 5 6 |  6.2
Maces & Flails | 1 2 3 4 5 6 |  6.2
Polearms       | 1 2 3 4 5 6 |  6.2
Staves         | 1 2 3 4 5 6 |  6.2
Ranged Weapons | 1 2 3 4 5 6 |  6.2
Throwing       | 1 2 3 4 5 6 |  6.2
Armour         | 1 2 3 4 5 6 |  6.2
Stealth        | 1 2 3 4 5 6 |  6.2
Shields        | 1 2 3 4 5 6 |  6.2
Spellcasting   | 1 2 3 4 5 6 |  6.2
Evocations     | 1 2 3 4 5 6 |  6.2
Conjurations   | 1 2 3 4 5 |  5.1
Hexes          | 1 2 3 4 5 |  5.1
Summonings     | 1 2 3 4 5 |  5.1
Necromancy     | 1 2 3 4 5 |  5.1
Translocations | 1 2 3 4 5 |  5.1
Transmutations | 1 2 3 4 5 |  5.1
Fire Magic     | 1 2 3 4 5 |  5.1
Ice Magic      | 1 2 3 4 5 |  5.1
Air Magic      | 1 2 3 4 5 |  5.1
Earth Magic    | 1 2 3 4 5 |  5.1
Poison Magic   | 1 2 3 4 5 |  5.1
Fighting       | 3 4 5 6 |  6.8
Dodging        | 5 6 7 |  7.8
Unarmed Combat | 7 8 9 |  9.1
Shapeshifting  | 7 8 |  8.4

Action                     |  1- 3 |  4- 6 |  7- 9 | 10-12 || total
---------------------------+-------+-------+-------+-------++-------
  Melee: Unarmed           |    64 |    74 |   327 |   277 ||   742
         Punch             |     3 |     2 |     5 |     3 ||    13
         Bite              |     1 |     4 |    21 |    11 ||    37
         Constrict         |       |       |    23 |    28 ||    51
   Cast: Summon Small Mamm |       |       |     6 |       ||     6
 Invoke: Curse Item        |       |       |       |     2 ||     2
  Evoke: Wand              |       |       |     1 |     1 ||     2
         Tin of tremorston |       |       |       |     1 ||     1
    Use: Scroll            |       |       |     1 |     7 ||     8
   Stab: Sleeping          |     1 |     1 |     7 |     6 ||    15
         Distracted        |       |       |     1 |       ||     1
 Armour: Leather armour    |     3 |       |       |       ||     3
         Robe              |     2 |     5 |    33 |     9 ||    49
         Skin              |       |       |    51 |    52 ||   103
         Ring mail         |       |       |       |    21 ||    21
  Dodge: Dodged            |    33 |    40 |   391 |   205 ||   669
   Form: Blade             |       |     3 |       |     4 ||     7
                           |       |     1 |       |       ||     1
         Flux              |       |     1 |       |       ||     1
         Anaconda          |       |       |     1 |     3 ||     4
         Beast             |       |       |       |     1 ||     1

Table legend: (Time is in decaauts)
 A = Elapsed time spent in this place.
 B = Non-inter-level travel time spent in this place.
 C = Inter-level travel time spent in this place.
 D = Time resting spent in this place.
 E = Time spent auto-exploring this place.
 F = Levels seen in this place.
 G = Mean time per level.
                   A        B        C        D        E       F      G
               +--------+--------+--------+--------+--------+-----+--------+
         Total |   8884 |   8359 |    525 |    837 |   4942 |  13 |  683.4 |
       Dungeon |   7557 |   7034 |    523 |    515 |   4567 |  10 |  755.7 |
        Temple |      3 |      1 |      2 |      0 |      0 |   1 |    3.0 |
         Sewer |    416 |    416 |      0 |      0 |    196 |   1 |  416.0 |
        Bailey |    906 |    906 |      0 |    322 |    179 |   1 |  906.0 |
               +--------+--------+--------+--------+--------+-----+--------+

Top non-repeatable levels by time:
     D:7: 1058 daAuts
     D:6: 1007 daAuts
     D:9: 946 daAuts
  Bailey: 906 daAuts
     D:5: 820 daAuts
     D:4: 810 daAuts
     D:8: 765 daAuts
     D:2: 739 daAuts
     D:3: 705 daAuts
     D:1: 471 daAuts
   Sewer: 416 daAuts
    D:10: 231 daAuts
  Temple: 3 daAuts
